 Dungeon Sprint DCSS version 0.18-a0-1253-g9e1c3a1 (console) character file.

6321 sorlin the Fencer (level 10, -28/104 HPs)
             Began as a Minotaur Berserker on Feb 5, 2016.
             Was the Champion of Trog.
             Annihilated by an ettin
             ... wielding a +0 dire flail
              (38 damage)
             ... in the Dungeon (Sprint IX: "|||||||||||||||||||||||||||||").
             The game lasted 00:09:26 (1626 turns).

sorlin the Fencer (Minotaur Berserker)              Turns: 1626, Time: 00:09:26

Health: -28/104    AC: 21    Str: 21    XL:     10   Next: 64%
Magic:  9/9        EV: 13    Int:  7    God:    Trog [******]
Gold:   15         SH:  0    Dex: 14    Spells: 0 memorised, 9 levels left

rFire  . . .     SeeInvis .     y - +7 triple sword (distort)
rCold  . . .     Gourm    .     n - +0 plate armour
rNeg   . . .     Faith    .     (shield currently unavailable)
rPois  .         Spirit   .     (helmet restricted)
rElec  .         Dismiss  .     B - +0 cloak
rCorr  .         Reflect  .     a - +0 pair of gloves
SustAt .         Harm     .     C - +0 pair of boots
MR     ++...     NoTele   +     (no amulet)
Stlth  ..........               o - +3 ring of intelligence
                                b - +2 ring of evasion

@: regenerating, very resistant to hostile enchantments, extremely unstealthy
A: retaliatory headbutt, horns 2
a: Berserk, Trog's Hand, Brothers in Arms, Burn Spellbooks, Renounce Religion


You were in the Dungeon.
You worshipped Trog.
Trog was exalted by your worship.
You were not hungry.

You visited 1 branch You collected 15 gold pieces.

Inventory:

Hand Weapons
 m - a +2 scimitar of draining
 v - a +3 antimagic great sword
 y - a +7 triple sword of distortion (weapon)
Missiles
 w - 5 tomahawks of returning (quivered)
Armour
 a - a +0 pair of gloves (worn)
 n - a +0 plate armour (worn)
 B - a +0 cloak (worn)
 C - a +0 pair of boots (worn)
Jewellery
 b - a +2 ring of evasion (left hand)
 o - a +3 ring of intelligence (right hand)
Wands
 l - a wand of iceblast (7/15)
Scrolls
 i - 3 scrolls of blinking
 k - 3 scrolls of remove curse
 s - 3 scrolls of fear
 t - 2 scrolls of enchant armour
 u - 2 scrolls of recharging
Potions
 d - 6 potions of curing
 e - 5 potions of heal wounds
 f - a potion of haste
 g - 4 potions of magic
 h - a potion of berserk rage
 j - a potion of invisibility
 p - 2 potions of brilliance
 q - a potion of agility
Comestibles
 c - 13 bread rations
 z - 40 fruits
 A - 12 meat rations


   Skills:
 - Level 14.5 Fighting
 * Level 19.6 Long Blades
 - Level 13.8 Armour
 - Level 9.0 Dodging


You had 9 spell levels left.
You didn't know any spells.

Dungeon Overview and Level Annotations

Branches:
Dungeon (1/1)

Altars:
Cheibriados
Dithmenos
Elyvilon
Fedhas
Gozag
Kikubaaqudgha
Makhleb
Nemelex Xobeh
Okawaru
Pakellas
Qazlal
Ru
Sif Muna
Trog
Vehumet
Xom
Yredelemnul
Zin
The Shining One
Beogh
Jiyva
Lugonu


Innate Abilities, Weirdness & Mutations

You reflexively headbutt those who attack you in melee.
You have a pair of horns on your head.


Message History

Something appears at your feet! Trog grants you a gift!
You barely miss the ettin.
You headbutt the ettin, but do no damage.
The orc priest mumbles some strange prayers to Beogh against you.
Something smites you!
The ettin hits you with a dire flail!! x2
* * * LOW HITPOINT WARNING * * *
The orc priest looks braver for a moment.
The orc priest miscasts a cantrip.
The orc priest calls down the wrath of Beogh upon you.
Something smites you!
* * * LOW HITPOINT WARNING * * *
There is an open door to the Orcish Mines, spattered with blood here.
Items here: )))) [[ †† Your stone giant goes berserk!
You feel somewhat more hungry.
The orc priest miscasts a cantrip.
The orc priest hits your stone giant but does no damage.
The ettin hits you but does no damage. The ettin hits you with a dire flail!!!
You die...

▓.▓.▓.▓_▓
▓o▓.▓÷▓.▓_▓
▓o▓.▓.▓.▓_▓
▓$▓.▓.▓.▓_▓
▓$▓.▓.▓.▓_▓
▓o▓.▓.▓.▓_▓
▓o▓.▓.▓.▓'▓
▓C▓.▓.▓.▓.▓
▓C▓.▓.▓.▓.▓
▓@▓.▓.▓.▓)▓
▓.▓.▓.▓.▓.▓
▓.▓.▓.▓.▓.▓
▓.▓.▓.▓.▓'▓
▓.▓.▓.▓.▓.▓
▓.▓.▓.▓.▓.▓
▓.▓.▓'▓.▓.▓
▓.▓.▓.▓.▓.▓
▓.▓.▓.▓.▓)▓
▓.▓.▓.▓.▓'▓


You could see an ettin, 2 orc priests, an orc and a friendly stone giant
(berserk).

Vanquished Creatures
  A centaur warrior (D)
  A death yak (D)
  A griffon (D)
  A cyclops (D)
  A black mamba (D)
  3 spiny frogs (D)
  A komodo dragon (D)
  A fire drake (D)
  3 yaks (D)
  A basilisk (D)
  3 wolves (D)
  2 hippogriffs (D)
  5 wargs (D)
  A water moccasin (D)
  A porcupine (D)
  An orc warrior (D)
  An ice beast (D)
  A crocodile (D)
  A big kobold (D)
  2 giant frogs (D)
  A crimson imp (D)
  A hound (D)
  4 orc priests (D)
  A jelly (D)
  A gnoll (D)
  A shadow imp (D)
  An adder zombie (D)
  2 orcs (D)
  2 bats (D)
  A bat zombie (D)
  2 hobgoblins (D)
  A jackal (D)
  2 giant newts (D)
52 creatures vanquished.

Vanquished Creatures (collateral kills)
  A blink frog (D)
1 creature vanquished.

Vanquished Creatures (others)
  A sky beast (D)
1 creature vanquished.

Grand Total: 54 creatures vanquished

Notes
Turn   | Place    | Note
--------------------------------------------------------------
     0 | D        | sorlin the Minotaur Berserker began the quest for the Orb.
     0 | D        | Reached XP level 1. HP: 19/19 MP: 0/0
     5 | D        | Reached skill level 4 in Long Blades
     6 | D        | Reached ** piety under Trog
    10 | D        | Reached skill level 5 in Long Blades
    81 | D        | Reached *** piety under Trog
    83 | D        | Reached XP level 2. HP: 20/28 MP: 1/1
    85 | D        | Reached skill level 5 in Fighting
    85 | D        | Reached skill level 6 in Long Blades
    88 | D        | Reached skill level 7 in Long Blades
    88 | D        | Reached XP level 3. HP: 13/36 MP: 2/2
   301 | D        | Found a glowing silver altar of Zin.
   301 | D        | Found a glowing golden altar of the Shining One.
   301 | D        | Found an ancient bone altar of Kikubaaqudgha.
   301 | D        | Found a basalt altar of Yredelemnul.
   301 | D        | Found a shimmering altar of Xom.
   301 | D        | Found a radiant altar of Vehumet.
   302 | D        | Found an iron altar of Okawaru.
   303 | D        | Found a burning altar of Makhleb.
   304 | D        | Found a deep blue altar of Sif Muna.
   305 | D        | Found a bloodstained altar of Trog.
   306 | D        | Found a sparkling altar of Nemelex Xobeh.
   307 | D        | Found a white marble altar of Elyvilon.
   308 | D        | Found a roughly hewn altar of Beogh.
   309 | D        | Found a viscous altar of Jiyva.
   310 | D        | Found a corrupted altar of Lugonu.
   311 | D        | Found a blossoming altar of Fedhas.
   312 | D        | Found a snail-covered altar of Cheibriados.
   313 | D        | Found a shadowy altar of Dithmenos.
   314 | D        | Found a stormy altar of Qazlal.
   315 | D        | Found an opulent altar of Gozag.
   316 | D        | Found a sacrificial altar of Ru.
   317 | D        | Found an oddly glowing altar of Pakellas.
   366 | D        | Noticed a big kobold
   366 | D        | Noticed an ice beast
   375 | D        | Killed an ice beast
   375 | D        | Reached **** piety under Trog
   375 | D        | Reached skill level 9 in Long Blades
   375 | D        | Reached skill level 5 in Armour
   375 | D        | Reached XP level 4. HP: 43/47 MP: 3/3
   378 | D        | Reached skill level 10 in Long Blades
   378 | D        | Reached XP level 5. HP: 47/52 MP: 4/4
   388 | D        | Reached skill level 11 in Long Blades
   394 | D        | Reached ***** piety under Trog
   446 | D        | Noticed a cyclops
   446 | D        | Noticed a basilisk
   446 | D        | Noticed a centaur warrior
   446 | D        | Noticed a sky beast
   446 | D        | Noticed a water moccasin
   458 | D        | Killed a water moccasin
   458 | D        | Received a gift from Trog
   458 | D        | Reached skill level 12 in Long Blades
   458 | D        | Reached XP level 6. HP: 57/63 MP: 5/5
   463 | D        | Killed a sky beast
   472 | D        | Killed a centaur warrior
   472 | D        | Reached skill level 14 in Long Blades
   472 | D        | Reached XP level 7. HP: 58/74 MP: 6/6
   479 | D        | Killed a basilisk
   479 | D        | Reached skill level 10 in Armour
   479 | D        | Reached XP level 8. HP: 69/82 MP: 7/7
   487 | D        | Killed a cyclops
   487 | D        | Reached skill level 15 in Long Blades
   720 | D        | Noticed a black mamba
   720 | D        | Noticed a spiny frog
   725 | D        | Killed a spiny frog
   725 | D        | Received a gift from Trog
   725 | D        | Reached skill level 16 in Long Blades
   728 | D        | Noticed a griffon
   742 | D        | Reached XP level 9. HP: 76/91 MP: 8/8
   757 | D        | Killed a griffon
   757 | D        | Reached skill level 17 in Long Blades
   757 | D        | Reached skill level 5 in Dodging
   761 | D        | Killed a black mamba
   761 | D        | Received a gift from Trog
   764 | D        | Noticed a spiny frog
   773 | D        | Killed a spiny frog
  1155 | D        | Noticed a spiny frog
  1155 | D        | Noticed a death yak
  1155 | D        | Noticed a komodo dragon
  1166 | D        | Killed a death yak
  1166 | D        | Reached skill level 18 in Long Blades
  1170 | D        | Noticed a fire drake
  1175 | D        | Killed a komodo dragon
  1175 | D        | Reached XP level 10. HP: 57/102 MP: 3/9
  1184 | D        | Killed a spiny frog
  1184 | D        | Received a gift from Trog
  1353 | D        | Reached skill level 19 in Long Blades
  1356 | D        | Reached ****** piety under Trog
  1361 | D        | Received a gift from Trog
  1516 | D        | Noticed Joseph
  1521 | D        | Banished Joseph
  1618 | D        | Noticed an ettin
  1623 | D        | Received a gift from Trog
  1626 | D        | Annihilated by an ettin

Vault maps used:
D:        linesprint

Action                   |  1- 3 |  4- 6 |  7- 9 | 10-12 || total
-------------------------+-------+-------+-------+-------++-------
Melee: Falchion          |    11 |       |       |       ||    11
       Scimitar          |     9 |    40 |    54 |       ||   103
       Great sword       |       |       |    15 |    19 ||    34
       Triple sword      |       |       |       |    28 ||    28
Throw: Tomahawk          |       |       |     2 |       ||     2
Invok: Berserk           |     1 |       |       |       ||     1
       Brothers in Arms  |       |     1 |     1 |     1 ||     3
       Trog's Hand       |       |     1 |       |     2 ||     3
  Use: Scroll            |       |       |       |     3 ||     3
  Eat: Chunk             |       |       |     2 |     2 ||     4
